 Dungeon Crawl Stone Soup version 0.22-a0-538-g76cc104 (webtiles) character file.

196998 opiumtea the Severer (level 18, -47/161 HPs)
             Began as a Hill Orc Monk on June 23, 2018.
             Was an Elder of Beogh (penitent).
             Annihilated by an ettin
             ... wielding a +0 dire flail
              (52 damage)
             ... on level 1 of the Vaults on June 24, 2018.
             The game lasted 04:33:24 (34925 turns).

opiumtea the Severer (Hill Orc Monk)               Turns: 34925, Time: 04:33:25

Health: -47/161    AC: 27    Str: 30    XL:     18   Next: 39%
Magic:  0/30       EV: 13    Int: 10    God:    Beogh [*]
Gold:   2036       SH: 17    Dex: 19    Spells: 17/17 levels left

rFire    + + .     SeeInvis +   z - +1 broad axe of Ejeefec {drain, *Rage rElec rC++ SInv}
rCold    + + .     Gourm    .   Z - +3 shield {rF+}
rNeg     . . .     Faith    .   n - +2 plate armour {rPois}
rPois    +         Spirit   +   E - +0 hat of Protective Custody {-Tele MR++ Str+6}
rElec    +         Reflect  .   F - +2 cloak {MR+}
rCorr    .         Harm     .   A - +2 pair of gloves
MR       ++++.     Rnd*Rage +   G - +0 pair of boots Stlth ..........NoTele +
                                r - amulet of guardian spirit
HPRegen  0.36/turn              Q - ring of protection from fire
MPRegen  0.22/turn              u - +3 ring of strength

@: mighty, berserk cooldown, slowed, very slow
A: no striking features
}: 1/15 runes: serpentine
a: Renounce Religion


You were on level 1 of the Vaults.
You worshipped Beogh.
Beogh was demanding penance.
You were not hungry.

You visited 6 branches of the dungeon, and saw 31 of its levels.
You also visited: Ossuary and Ice Cave.

You collected 2922 gold pieces.
You spent 886 gold pieces at shops.

Inventory:

Hand Weapons
 s - a cursed -2 arbalest
 z - the +1 broad axe of Ejeefec (weapon) {drain, *Rage rElec rC++ SInv}
   (You bought it in a shop on level 5 of the Dungeon)

   A truly terrible weapon, it drains the life of those it strikes.
   It greatly protects you from cold.
   It insulates you from electricity.
   It lets you see invisible.
   It may make you go berserk in combat.
 O - a +0 halberd of flaming
 R - a +5 bardiche of freezing
Armour
 n - a +2 plate armour of poison resistance (worn)
 A - a +2 pair of gloves (worn)
 E - the +0 hat of Protective Custody (worn) {-Tele MR++ Str+6}
   (You bought it in a shop on level 3 of the Snake Pit)

   It affects your strength (+6).
   It affects your resistance to hostile enchantments.
   It prevents most forms of teleportation.
 F - a +2 cloak of magic resistance (worn)
 G - a +0 pair of boots (worn)
 Z - a +3 shield of fire resistance (worn)
Jewellery
 r - an amulet of guardian spirit (around neck)
 u - a +3 ring of strength (right hand)
 w - an uncursed amulet of magic regeneration
 y - an uncursed ring of protection from magic
 Q - a ring of protection from fire (left hand)
 S - an uncursed ring of magical power
Wands
 a - a wand of acid (9)
 e - a wand of iceblast (30)
 m - a wand of paralysis (38)
 t - a wand of enslavement (15)
 N - a wand of polymorph (31)
 U - a wand of digging (15)
 X - a wand of disintegration (25)
Scrolls
 b - 3 scrolls of remove curse
 d - 7 scrolls of immolation
 f - 2 scrolls of summoning
 g - 7 scrolls of fear
 k - 5 scrolls of magic mapping
 l - 2 scrolls of silence
 o - a scroll of enchant weapon
 p - 10 scrolls of teleportation
 v - 7 scrolls of blinking
 B - 4 scrolls of fog
Potions
 h - 3 potions of agility
 i - 6 potions of haste
 j - 13 potions of curing
 q - a potion of resistance {unknown}
 x - 2 potions of flight
 C - 2 potions of invisibility
 H - a potion of experience {unknown}
 I - 2 potions of might
 T - a potion of cancellation
 Y - a potion of magic {unknown}
Miscellaneous
 K - a phantom mirror
 V - a lightning rod (4/4)
Comestibles
 c - 38 rations


   Skills:
 - Level 14.5 Fighting
 - Level 18.0 Axes
 - Level 14.7 Armour
 - Level 7.1 Dodging
 - Level 1.5 Stealth
 - Level 11.8 Shields
 + Level 17.8 Invocations
 - Level 12.7 Evocations


You had 17 spell levels left.
You didn't know any spells.
Your spell library contained the following spells:

 Spells                   Type           Power        Failure   Level  Hunger
 Magic Dart               Conj           #...         97%         1    ##.....
 Fireball                 Conj/Fire      #.........   100%        5    ######.
 Apportation              Tloc           #.....       97%         1    ##.....
 Bolt of Fire             Conj/Fire      #.........   100%        6    #######
 Lightning Bolt           Conj/Air       #.........   100%        5    ######.
 Bolt of Magma            Conj/Fire/Erth #.........   100%        5    ######.
 Confuse                  Hex            #.......     100%        3    ####...
 Mephitic Cloud           Conj/Pois/Air  #.......     100%        3    ####...
 Ring of Flames           Chrm/Fire      #.........   100%        7    #######
 Venom Bolt               Conj/Pois      #.........   100%        5    ######.
 Olgreb's Toxic Radiance  Pois           #.......     100%        4    #####..
 Summon Small Mammal      Summ           #...         97%         1    ##.....
 Iskenderun's Mystic Bla  Conj           #.......     100%        4    #####..
 Animate Skeleton         Necr           N/A          97%         1    ##.....
 Summon Ice Beast         Ice/Summ       #.......     100%        4    #####..
 Call Imp                 Summ           #.......     99%         2    ###....
 Sting                    Conj/Pois      #...         97%         1    ##.....
 Sublimation of Blood     Necr           #.........   99%         2    ###....
 Iron Shot                Conj/Erth      #.........   100%        6    #######
 Shock                    Conj/Air       #...         97%         1    ##.....
 Swiftness                Chrm/Air       #.......     99%         2    ###....
 Spider Form              Tmut/Pois      #.........   100%        3    ####...
 Blade Hands              Tmut           #.........   100%        5    ######.
 Statue Form              Tmut/Erth      #........    100%        6    #######
 Ice Form                 Ice/Tmut       #.......     100%        4    #####..
 Airstrike                Air            #.........   100%        4    #####..
 Confusing Touch          Hex            #.....       97%         1    ##.....
 Ignite Poison            Fire/Tmut/Pois #.......     100%        3    ####...
 Sticks to Snakes         Tmut           #.......     99%         2    ###....
 Call Canine Familiar     Summ           #.......     100%        3    ####...
 Metabolic Englaciation   Hex/Ice        #.........   100%        5    ######.
 Shatter                  Erth           #.........   100%        9    #######
 Static Discharge         Conj/Air       #.......     100%        3    ####...
 Alistair's Intoxication  Tmut/Pois      #.......     100%        5    ######.
 Petrify                  Tmut/Erth      #.......     100%        4    #####..
 Leda's Liquefaction      Hex/Erth       #.........   100%        4    #####..
 Beastly Appendage        Tmut           #.....       97%         1    ##.....
 Fulminant Prism          Conj/Hex       #.........   100%        4    #####..
 Dazzling Spray           Conj/Hex       #.....       100%        3    ####...
 Force Lance              Conj/Tloc      #.......     100%        4    #####..
 Searing Ray              Conj           #.....       99%         2    ###....
 Summon Lightning Spire   Summ/Air       #.......     100%        4    #####..
 Summon Guardian Golem    Hex/Summ       #.......     100%        3    ####...
 Irradiate                Conj/Tmut      #.........   100%        5    ######.
 Gell's Gravitas          Tloc           #.........   100%        3    ####...
 Yara's Violent Unravell  Hex/Tmut       #.........   100%        5    ######.
 Poisonous Vapours        Pois/Air       #.....       99%         2    ###....
 Ignition                 Fire           #.........   100%        8    #######


Dungeon Overview and Level Annotations

Branches:
Dungeon (15/15)            Temple (0/1) D:4            Lair (6/6) D:9
 Shoals (3/4) Lair:3        Snake (4/4) Lair:2        Slime (0/5) Lair:5
    Orc (2/2) D:10            Elf (0/3) Orc:2        Vaults (1/5) D:13
 Depths (0/5) D:15

Altars:
Ashenzari
Elyvilon
Fedhas
Gozag
Hepliaklqana
Kikubaaqudgha
Ru
Sif Muna
Uskayaw
Xom
Yredelemnul
Zin
The Shining One
Jiyva

Shops:
D:5 (   D:11 %[*   D:12 [   D:15 *%!}   Orc:1 *   Orc:2 }:}(   Snake:3 [

Portals:
Trove: D:10 (show slimy rune of Zot)

Annotations:
Lair:2 exclusion: 3 oklob plants
Lair:3 exclusion: oklob plant
Snake:4 Urug


Message History

You block the orc knight's attack.
You see here an inedible chunk of flesh.
You feel your anger nearly subside.
You are no longer berserk.
You are exhausted.
You feel yourself slow down.
Things that are here:
a glaive; a plate armour The orc knight is engulfed in blazing flames.
The orc knight explodes!
The fiery explosion engulfs you! You resist.
* * * LOW HITPOINT WARNING * * *
The ettin is engulfed in blazing flames. x2
The ettin is engulfed in blazing flames.
The ironbrand convoker is engulfed in blazing flames.
You open the door.
The ettin is engulfed in blazing flames.
The ettin misses you. You block the ettin's attack.
The ettin is engulfed in blazing flames.
The ettin closely misses you. The ettin hits you with a dire flail!!!
You die...

##################
#........##..'@..#
#........##..#C§§#
#........##..#§§§#
#........##.o#p[§#
#........##.o##§###†###+
#........##.o#.())(%)...
#........##.o#%).)%)%.[.
#.......o##.o#..[%)[%...
###......oo##..#...([.....


You could see an ettin and an ironbrand convoker.

Vanquished Creatures
  A golden dragon (Vaults:1)
  A tentacled monstrosity (Vaults:1)
  Agnes (D:14)
  3 nagarajas
  A vault warden (Vaults:1)
  3 ironheart preservers (Vaults:1)
  A deep elf death mage (Vaults:1)
  2 ettins (Vaults:1)
  A yaktaur captain (Vaults:1)
  5 ogre magi
  2 vault guards (Vaults:1)
  An ice dragon (Vaults:1)
  2 hydras
  5 naga warriors
  9 anacondas
  A centaur warrior (D:12)
  A merfolk aquamancer (Shoals:1)
  A merfolk avatar (Shoals:1)
  A dancing weapon (D:13)
  3 death yaks
  9 two-headed ogres
  An orc high priest (Orc:2)
  A deep elf knight (Vaults:1)
  2 tengu warriors (D:15)
  4 naga sharpshooters
  A slime creature (Vaults:1)
  3 sea snakes
  2 unseen horrors
  4 naga ritualists
  2 deep elf archers (Vaults:1)
  2 ironbrand convokers (Vaults:1)
  A mana viper (Snake:1)
  A wizard (Vaults:1)
  10 orc knights
  2 necromancers (Vaults:1)
  6 harpies
  2 wolf spiders (Vaults:1)
  2 deep elf magi
  16 ugly things
  4 fauns
  A shining eye (shapeshifter) (Vaults:1)
  A merfolk siren (Shoals:3)
  An orc sorcerer (Orc:1)
  2 cyclopes
  3 manticores
  2 salamanders
  2 elephants (Lair:6)
  9 guardian serpents
  9 naga magi
  2 ice statues (IceCv)
  7 black mambas
  4 vault sentinels (Vaults:1)
  Joseph (D:7)
  2 spiny frogs
  4 komodo dragons
  2 yaktaurs (Vaults:1)
  8 ice devils (IceCv)
  A freezing wraith (Vaults:1)
  6 merfolk
  A polar bear (Lair:6)
  A queen bee (Lair:1)
  A troll (Vaults:1)
  3 wind drakes
  6 dream sheep
  5 hippogriffs
  2 hornets
  2 snapping turtles
  2 vampires
  5 spriggans (Lair:6)
  A shadow (D:13)
  14 yaks
  Eustachio (D:5)
  A basilisk (Lair:6)
  2 wyverns
  A hungry ghost (D:7)
  A warg (Orc:2)
  23 nagas
  An acid dragon (D:11)
  3 water moccasins
  Duvessa (D:6)
  4 orc warriors
  3 porcupines
  5 sky beasts
  A black bear (Lair:6)
  8 boggarts
  3 ice beasts
  13 ogres
  3 phantoms
  3 wolves (Lair:6)
  2 centaurs
  An orc skeleton (Vaults:1)
  2 crocodiles
  An elf zombie (Ossuary)
  2 big kobolds (D:8)
  A human skeleton (Vaults:1)
  7 bullfrogs
  Dowan (D:6)
  24 killer bees
  A scorpion (D:4)
  3 wights
  An electric eel (Lair:1)
  A centaur zombie (D:9)
  2 crimson imps (D:5)
  5 hounds
  2 orc priests
  Crazy Yiuf (D:5)
  6 orc wizards
  2 bullfrog skeletons (D:5)
  Jessica (D:2)
  3 iguanas
  7 worker ants
  2 ogre zombies (D:10)
  4 mummies
  A worker ant zombie (D:5)
  5 gnolls
  9 adders
  2 shadow imps (D:5)
  9 white imps (IceCv)
  An ufetubus (IceCv)
  2 oozes
  7 adder zombies (Ossuary)
  2 adder skeletons
  2 worms (D:2)
  2 dart slugs (D:2)
  8 leopard geckos
  13 orcs
  7 giant cockroaches
  7 goblins
  7 hobgoblins
  11 jackals
  2 quokkas
  2 bats
  4 frilled lizards
  A gnoll zombie (Ossuary)
  7 goblin zombies
  5 hobgoblin zombies
  16 kobolds
  2 kobold zombies (Ossuary)
  A leopard gecko skeleton (D:4)
  5 orc zombies (D:10)
  A quokka skeleton (D:8)
  A quokka zombie (Ossuary)
  4 rats
  A fungus (Lair:6)
  3 plants
539 creatures vanquished.

Vanquished Creatures (collateral kills)
  An orc warlord (Vaults:1)
  10 nagarajas
  A vault warden (Vaults:1)
  An ironheart preserver (Vaults:1)
  A very ugly thing (Vaults:1)
  A deep elf demonologist (Vaults:1)
  A dire elephant (D:15)
  The ghost of vineage the Peltast, a journeyman GrFi of Okawaru (Orc:2)
  Azrael (D:13)
  A deep elf annihilator (Vaults:1)
  Snorg (D:14)
  2 merfolk impalers
  A yaktaur captain (Vaults:1)
  Fannar (Lair:2)
  Erolcha (D:11)
  A great orb of eyes (Vaults:1)
  19 naga warriors
  4 vault guards (Vaults:1)
  11 anacondas
  6 merfolk avatars
  4 hydras
  A dancing weapon (D:13)
  A centaur warrior (D:14)
  11 two-headed ogres
  A tengu warrior (D:15)
  4 death yaks
  7 naga sharpshooters
  An orc high priest (Orc:2)
  Sonja (D:12)
  6 shock serpents
  3 unseen horrors
  3 sea snakes
  3 naga ritualists (Snake:4)
  2 ironbrand convokers (Vaults:1)
  A deep elf mage (D:14)
  5 orc knights
  6 harpies
  An orc sorcerer (Orc:2)
  8 salamanders
  3 cyclopes
  3 manticores
  5 fauns
  11 ugly things
  2 wolf spiders
  A mana viper (Snake:4)
  2 elephants (Lair:6)
  10 guardian serpents
  17 black mambas
  A merfolk siren (Shoals:3)
  A vault sentinel (Vaults:1)
  16 naga magi
  A water nymph (Shoals:3)
  10 spiny frogs
  A centaur skeleton (D:15)
  2 gargoyles
  6 komodo dragons
  2 rime drakes
  A freezing wraith (Vaults:1)
  An efreet (D:13)
  4 yaktaurs (Vaults:1)
  A human skeleton (Vaults:1)
  5 trolls
  3 hornets (Lair:6)
  4 merfolk
  3 wind drakes
  2 polar bears (Lair:6)
  2 snapping turtles
  3 slime creatures (D:14)
  A blink frog (shapeshifter) (D:14)
  6 hippogriffs
  10 dream sheep
  A water elemental (Shoals:2)
  29 yaks
  7 spriggans (Lair:6)
  3 wyverns
  A wraith (D:13)
  3 basilisks
  2 fire elementals (D:13)
  4 hungry ghosts
  A yaktaur simulacrum (Vaults:1)
  4 vampire mosquitoes (D:14)
  4 wargs
  42 nagas
  3 hell hounds (D:13)
  6 porcupines
  3 ice beasts
  13 water moccasins
  11 orc warriors
  A phantom (D:10)
  3 sky beasts
  4 black bears (Lair:6)
  12 ogres
  2 necrophages
  A centaur (D:15)
  16 wolves
  3 crocodiles
  2 big kobolds (D:10)
  7 bullfrogs
  A wyvern zombie (D:8)
  2 wyvern skeletons
  10 killer bees (Lair:1)
  A troll zombie (D:10)
  10 wights
  A howler monkey (D:10)
  2 centaur zombies
  5 crimson imps
  2 quasits
  2 hounds
  A jelly (D:9)
  6 orc priests
  2 iguanas
  6 orc wizards
  4 worker ants
  6 ogre zombies
  A hound zombie (D:10)
  A gnoll (D:9)
  2 adders (D:8)
  2 shadow imps (D:10)
  An adder skeleton (D:9)
  A leopard gecko (D:9)
  6 orcs
  A jackal (D:8)
  4 kobolds
  A goblin zombie (D:10)
  3 hobgoblin zombies (D:10)
  An orc skeleton (D:10)
  11 orc zombies (D:10)
  5 fungi
  18 plants
582 creatures vanquished.

Vanquished Creatures (others)
  3 orc warlords
  Urug (Snake:4)
  An orc high priest (Orc:2)
  11 orc knights
  3 orc sorcerers
  A slime creature (Vaults:1)
  A naga (Snake:3)
  8 orc warriors
  11 orc priests
  7 orc wizards
  4 white imps (IceCv)
  5 ufetubi (IceCv)
  55 orcs
  2 fungi (Lair:1)
  4 plants
117 creatures vanquished.

Grand Total: 1238 creatures vanquished

Notes
Turn   | Place    | Note
-------+----------+-------------------------------------------
     0 | D:1      | opiumtea the Hill Orc Monk began the quest for the Orb.
     0 | D:1      | Reached XP level 1. HP: 19/19 MP: 1/1
   576 | D:1      | Reached XP level 2. HP: 19/27 MP: 2/2
  1220 | D:2      | Reached XP level 3. HP: 26/35 MP: 3/3
  1394 | D:2      | Reached skill level 5 in Fighting
  1686 | D:2      | Noticed Jessica
  1702 | D:2      | Killed Jessica
  1702 | D:2      | Reached XP level 4. HP: 43/44 MP: 4/4
  1986 | D:2      | Found a glowing silver altar of Zin.
  2194 | D:3      | Found a basalt altar of Yredelemnul.
  2494 | D:3      | Reached skill level 1 in Armour
  3073 | D:4      | Reached XP level 5. HP: 38/50 MP: 5/5
  3446 | D:4      | Noticed an ogre
  3454 | D:4      | Killed an ogre
  3454 | D:4      | Reached XP level 6. HP: 26/57 MP: 1/6
  3972 | D:4      | Reached skill level 5 in Axes
  4110 | D:4      | Became a worshipper of Beogh the Brigand
  4110 | D:4      | Reached * piety under Beogh
  4110 | D:4      | Reached ** piety under Beogh
  4621 | D:3      | Reached skill level 6 in Axes
  4621 | D:3      | Reached XP level 7. HP: 21/63 MP: 2/7
  4891 | D:4      | Reached skill level 7 in Axes
  5038 | D:4      | Found a hide-covered altar of Uskayaw.
  5133 | D:4      | Found an ancient bone altar of Kikubaaqudgha.
  5196 | D:4      | Found a staircase to the Ecumenical Temple.
  5213 | D:5      | Entered Level 5 of the Dungeon
  5399 | D:5      | Reached skill level 8 in Axes
  5447 | D:5      | Noticed Eustachio
  5517 | D:5      | Killed Eustachio
  5517 | D:5      | Reached skill level 9 in Axes
  5517 | D:5      | Reached XP level 8. HP: 70/70 MP: 8/8
  5628 | D:5      | Found a runed door.
  5632 | D:5      | Noticed Crazy Yiuf
  5637 | D:5      | Killed Crazy Yiuf
  5786 | D:5      | Found Heacsurph's Antique Weapon Shop.
  5799 | D:5      | Bought an iridescent broad axe for 171 gold pieces
  5799 | D:5      | Identified the cursed +1 broad axe of Ejeefec {drain, *Rage rElec rC++ SInv} (You bought it in a shop on level 5 of the Dungeon)
  5841 | D:5      | Reached skill level 10 in Axes
  6480 | D:6      | Found a hazy altar of Hepliaklqana.
  6577 | D:6      | Reached skill level 11 in Axes
  6597 | D:6      | Found a sacrificial altar of Ru.
  6713 | D:6      | Found a sand-covered staircase.
  6872 | Ossuary  | Entered an ossuary
  6933 | Ossuary  | Reached *** piety under Beogh
  7506 | D:6      | Reached skill level 12 in Axes
  7884 | D:7      | Found a shattered altar of Ashenzari.
  7884 | D:7      | Noticed Duvessa
  7884 | D:7      | Noticed Dowan
  7887 | D:7      | Noticed Joseph
  7900 | D:6      | Reached XP level 9. HP: 56/75 MP: 7/9
  7907 | D:6      | Killed Duvessa
  7916 | D:6      | Killed Dowan
  7916 | D:6      | Reached skill level 13 in Axes
  8168 | D:7      | Killed Joseph
  8228 | D:7      | Reached **** piety under Beogh
  8228 | D:7      | Reached skill level 14 in Axes
  8281 | D:7      | Found a deep blue altar of Sif Muna.
  9224 | D:8      | Noticed a two-headed ogre
  9237 | D:8      | Killed a two-headed ogre
  9237 | D:8      | Gained Hilgar as an ally
  9597 | D:8      | Found a white marble altar of Elyvilon.
  9617 | D:8      | Reached XP level 10. HP: 91/91 MP: 10/10
  9876 | D:8      | Found an opulent altar of Gozag.
  9999 | D:8      | Reached skill level 5 in Invocations
 10208 | D:8      | Found a blossoming altar of Fedhas.
 10389 | D:9      | Reached skill level 5 in Armour
 10442 | D:9      | Noticed a two-headed ogre
 10449 | D:9      | Killed a two-headed ogre
 10460 | D:9      | Found a staircase to the Lair.
 10520 | D:9      | Gained Bogric as an ally
 10765 | D:9      | Found a glowing golden altar of the Shining One.
 11191 | Lair:1   | Entered Level 1 of the Lair of Beasts
 11229 | Lair:1   | Reached ***** piety under Beogh
 11242 | Lair:1   | Reached skill level 5 in Evocations
 11412 | Lair:1   | Reached XP level 11. HP: 90/97 MP: 15/15
 12151 | Lair:2   | Noticed an oklob plant
 12153 | Lair:2   | Noticed an oklob plant
 12153 | Lair:2   | Noticed an oklob plant
 12165 | Lair:2   | Noticed a four-headed hydra
 12171 | Lair:2   | Killed a four-headed hydra
 12312 | Lair:2   | Noticed Fannar
 12322 | Lair:2   | Killed Fannar
 12594 | Lair:2   | Reached skill level 10 in Evocations
 12596 | Lair:2   | Found a staircase to the Snake Pit.
 12981 | Lair:3   | Noticed an oklob plant
 13296 | Lair:4   | Reached XP level 12. HP: 104/104 MP: 17/20
 13850 | Lair:5   | Found a staircase to the Slime Pits.
 13851 | Lair:5   | Found a viscous altar of Jiyva.
 14086 | Lair:5   | Reached skill level 1 in Shields
 14154 | Lair:5   | Noticed a death yak
 14159 | Lair:5   | Noticed a death yak
 14159 | Lair:5   | Noticed a death yak
 14163 | Lair:5   | Killed a death yak
 14164 | Lair:5   | Killed a death yak
 14166 | Lair:5   | Killed a death yak
 14470 | Lair:6   | Entered Level 6 of the Lair of Beasts
 14515 | Lair:6   | Reached skill level 5 in Shields
 14702 | Lair:6   | Noticed a four-headed hydra
 14709 | Lair:6   | Reached ****** piety under Beogh
 14712 | Lair:6   | Killed a five-headed hydra
 14960 | Lair:6   | Noticed a spriggan rider
 14993 | Lair:6   | Reached XP level 13. HP: 111/111 MP: 20/22
 15082 | Lair:6   | Reached skill level 10 in Shields
 15370 | Lair:6   | Gained Arkwar as an ally
 15601 | Lair:6   | Reached skill level 10 in Fighting
 16050 | D:10     | Entered Level 10 of the Dungeon
 16563 | D:10     | Found a portal to a secret trove of treasure.
 16763 | D:10     | Found a staircase to the Orcish Mines.
 16902 | D:11     | Found a shimmering altar of Xom.
 17203 | D:11     | Noticed Erolcha
 17212 | D:11     | Killed Erolcha
 17301 | D:11     | Found Borebbed's Assorted Antiques.
 17309 | D:11     | Bought a transparent ruby amulet for 135 gold pieces
 17373 | D:11     | Found Oczo's Food Emporium.
 17603 | D:11     | Found Eti Ysae's Armour Boutique.
 17830 | D:12     | Noticed Urug
 17873 | D:12     | Found Gaxih's Armour Boutique.
 17958 | D:12     | Noticed Sonja
 17968 | D:12     | Killed Sonja
 18739 | Orc:1    | Entered Level 1 of the Orcish Mines
 18967 | Orc:2    | Entered Level 2 of the Orcish Mines
 18982 | Orc:2    | Reached XP level 14. HP: 117/127 MP: 20/23
 19073 | Orc:1    | Found Csig's Commerce Corner.
 19152 | Orc:2    | Found a staircase to the Elven Halls.
 19199 | Orc:2    | Found a runed gate.
 19199 | Orc:2    | Found a runed gate.
 19200 | Orc:2    | Found a runed gate.
 19204 | Orc:2    | Noticed vineage's ghost (journeyman GrFi)
 19237 | Orc:2    | Killed vineage's ghost
 19329 | Orc:2    | Found Dohonta's Weapon Boutique.
 19329 | Orc:2    | Found Isoudann's Gadget Shoppe.
 19332 | Orc:2    | Found Noprepeu's Gadget Boutique.
 19332 | Orc:2    | Found Imider's Book Shoppe.
 19876 | D:13     | Gained Ogrik as an ally
 19879 | D:13     | Noticed Azrael
 19884 | D:13     | Killed Azrael
 19901 | D:13     | Found a gate to the Vaults.
 20405 | D:13     | Identified the amulet of Edestr Paepp {Gourm rElec} (You bought it in a shop on level 11 of the Dungeon)
 20706 | D:12     | Bought a +1 ring mail of poison resistance for 221 gold pieces
 20956 | Lair:3   | Found a staircase to the Shoals.
 21028 | Snake:1  | Entered Level 1 of the Snake Pit
 21541 | Snake:1  | Reached skill level 10 in Armour
 22386 | D:14     | Noticed Snorg
 22393 | D:14     | Killed Snorg
 22409 | D:14     | Reached XP level 15. HP: 129/139 MP: 21/24
 22531 | D:14     | Gained Gorbash as an ally
 22752 | D:14     | Noticed Agnes
 22760 | D:14     | Killed Agnes
 23758 | D:15     | Entered Level 15 of the Dungeon
 23792 | D:15     | Found Ufem's Distillery.
 23822 | D:15     | Bought a potion of heal wounds for 55 gold pieces
 23856 | D:15     | Your ally Gorbash died
 23883 | D:15     | Found Dadimoil's Food Emporium.
 24109 | D:15     | Found Ecrymaph's General Store.
 24255 | D:15     | Found Cukecuv's Gadget Emporium.
 24551 | D:15     | Found a staircase to the Depths.
 24871 | Snake:2  | Noticed a nagaraja
 24875 | Snake:2  | Killed a nagaraja
 25277 | Snake:2  | Gained Marbaugh as an ally
 26420 | Snake:3  | Reached skill level 15 in Axes
 26531 | Snake:3  | Found Xeadd's Armour Emporium.
 26532 | Snake:3  | Noticed a nagaraja
 26543 | Snake:3  | Gained Beowulf as an ally
 26547 | Snake:3  | Killed a nagaraja
 26559 | Snake:3  | Bought the cursed +0 hat of Protective Custody {-Tele MR++ Str+6} for 304 gold pieces
 26808 | Snake:3  | Reached XP level 16. HP: 109/147 MP: 22/25
 26876 | Snake:3  | Reached skill level 16 in Axes
 27108 | Snake:3  | Found a frozen archway.
 27118 | IceCv    | Entered an ice cave
 27442 | IceCv    | Noticed an Ice Fiend
 27443 | IceCv    | Noticed an Ice Fiend
 27894 | Snake:3  | Noticed a nagaraja
 27898 | Snake:3  | Killed a nagaraja
 28143 | Snake:4  | Entered Level 4 of the Snake Pit
 28310 | Snake:4  | Gained Grimold as an ally
 28311 | Snake:4  | Reached skill level 17 in Axes
 28434 | Snake:4  | Noticed a nagaraja
 28444 | Snake:4  | Killed a nagaraja
 28586 | Snake:4  | Noticed a nagaraja
 28593 | Snake:4  | Killed a nagaraja
 28597 | Snake:4  | Gained Koronagh as an ally
 28607 | Snake:4  | Reached skill level 18 in Axes
 28626 | Snake:4  | Noticed a nagaraja
 28630 | Snake:4  | Killed a nagaraja
 28631 | Snake:4  | Noticed a nagaraja
 28635 | Snake:4  | Killed a nagaraja
 28638 | Snake:4  | Noticed a nagaraja
 28638 | Snake:4  | Noticed a nagaraja
 28642 | Snake:4  | Killed a nagaraja
 28649 | Snake:4  | Noticed a nagaraja
 28650 | Snake:4  | Your ally Hilgar died
 28655 | Snake:4  | Killed a nagaraja
 28665 | Snake:4  | Reached skill level 5 in Dodging
 28668 | Snake:4  | Killed a nagaraja
 28670 | Snake:4  | Your ally Marbaugh died
 28672 | Snake:4  | Noticed a nagaraja
 28673 | Snake:4  | Noticed a nagaraja
 28682 | Snake:4  | Your ally Koronagh died
 28682 | Snake:4  | Your ally Ogrik died
 28684 | Snake:4  | Your ally Grimold died
 28685 | Snake:4  | Your ally Bogric died
 28686 | Snake:4  | HP: 4/147 [naga sharpshooter/bolt (10)]
 28687 | Snake:4  | Your ally died
 28690 | Snake:4  | Your ally Arkwar died
 28690 | Snake:4  | Killed a nagaraja
 28706 | Snake:4  | Killed a nagaraja
 29207 | Snake:4  | Got a serpentine rune of Zot
 30177 | Shoals:1 | Entered Level 1 of the Shoals
 30323 | Shoals:1 | Gained Hilgar as an ally
 30334 | Shoals:1 | Reached XP level 17. HP: 100/154 MP: 21/26
 31907 | Shoals:2 | Got an ancient platinum amulet
 31915 | Shoals:2 | Identified the amulet "Ludibb" {+Rage rElec} (You found it on level 2 of the Shoals)
 32201 | Shoals:2 | Reached skill level 10 in Invocations
 32203 | Shoals:2 | Found the +3 crown of Dyrovepreva {rElec Int+2 SInv}
 33320 | Vaults:1 | Entered Level 1 of the Vaults
 34756 | Vaults:1 | Reached skill level 15 in Invocations
 34893 | Vaults:1 | Noticed a tentacled monstrosity
 34893 | Vaults:1 | Your ally Hilgar died
 34896 | Vaults:1 | Noticed a golden dragon
 34897 | Vaults:1 | Reached XP level 18. HP: 115/161 MP: 19/29
 34899 | Vaults:1 | Was placed under penance by Beogh
 34906 | Vaults:1 | Killed a tentacled monstrosity
 34907 | Vaults:1 | Was forgiven by Beogh
 34907 | Vaults:1 | Was placed under penance by Beogh
 34910 | Vaults:1 | Killed a golden dragon
 34911 | Vaults:1 | HP: 10/241 [cloud of flame (4)]
 34912 | Vaults:1 | HP: 4/241 [nagaraja/club (4)]
 34922 | Vaults:1 | HP: 3/161 [orc knight/exploding inner flame[the player character] (1)]
 34925 | Vaults:1 | Annihilated by an ettin

Vault maps used:
D:1:      minmay_arrival_four_houses, st_stairs_9
D:2:      zin_scriptorium, uniq_jessica
D:3:      old_standard_altar, portal_sewer_entry_d, dk_noncrumbling_2
D:4:      nicolae_overflow_crystal_walls, eat_drink_and_be_merry_uskayaw,
          minmay_temple_entry_from_below_a, minivault_23
D:5:      serial_shops, nicolae_shop_temple_entry_statues_fountains,
          first_ration, serial_park_tiny_2, uniq_crazy_yiuf_cottage,
          uniq_eustachio
D:6:      lemuel_doored_altar, kennysheep_mini_moat, nicolae_ossuary_entry_giza
D:7:      lemuel_crystal_altar, basic_altar, serial_glass, glass_columns_a,
          glass_columns_a, feat_on_display, due_unseen_surprise,
          minmay_strange_pillars, serial_bayou_lagoon_a, uniq_duvessa,
          uniq_joseph
D:8:      nicolae_gozag_seed_capital, elyvilon_altar_5, blue_anna_alchemist,
          fedhas_altar_4
D:9:      tso_altar, david_lair_shrubbed
D:10:     zombieorc2_lemuel, enter_trove_6
D:11:     serial_shops, shop, shop, shop, basic_altar, uniq_erolcha
D:12:     serial_shops, shop, uniq_sonja, uniq_urug
D:13:     erik_vaults_1, glass_columns_b, uniq_azrael
D:14:     uniq_snorg, uniq_agnes
D:15:     hangedman_depths_entry_try_elsewhere_first, serial_shops,
          nicolae_shop_statue_plus, shop, nicolae_shop_window_shopping,
          shop_statue, minmay_misc_feat_secret_circle
Lair:1:   serial_bayou_pond_d, serial_bayou_shore_b, serial_bayou_shore_b,
          lemuel_fruit_fields, grunt_megastairs_3, serial_bayou_shore_a,
          infiniplex_staircase_pool_2
Lair:2:   guppyfry_snake_entry_garden, serial_bayou_shore_b,
          serial_bayou_shore_b, grunt_megastairs_2, minmay_lair_oklob_chamber,
          uniq_fannar
Lair:3:   dpeg_oklob_gauntlet, minmay_shoals_entry_hut
Lair:5:   slime_altar_1
Lair:6:   minmay_lair_end_enchanted_forest, patterned_corridor
Shoals:3: lemuel_centaur_altar
Snake:2:  grunt_ministairs_10
Snake:3:  portal_ice_cave_entry_pillars_1, serial_shops, shop, st_stairs_3
Snake:4:  grunt_snake_rune_serpentine_throne, nrook_guardian_serpent_double
Orc:1:    nicolae_alphabet_shops
Orc:2:    grunt_orc_tribal_feast, serial_shops, shop_statue,
          gammafunk_ghost_split
Vaults:1: vaults_room_boxed, nicolae_vaults_big_ls, st_greater_box_5,
          nicolae_vaults_diagonal_hallway_9, vaults_room_semicircle, v_misc_10,
          hangedman_vaults_cutoff, vaults_dpeg_ring, dpeg_vaults_monster_box
Ossuary:  ossuary_minmay_chase
IceCv:    ice_cave_small_demon

Skill      XL: |  1  2  3  4  5  6  7  8  9 10 11 12 13 14 15 16 17 18 |
---------------+-------------------------------------------------------+-----
Fighting       | 4 5 6 9 12 14 | 14.5
Armour         | 2 4 6 11 14 | 14.7
Axes           | 6 9 12 14 15 18 | 18.0
Invocations    | 5 6 15 17 | 17.8
Evocations     | 6 11 12 | 12.7
Shields        | 9 11 | 11.8
Dodging        | 7 |  7.1
Stealth        | |  1.5

Action                   |  1- 3 |  4- 6 |  7- 9 | 10-12 | 13-15 | 16-18 || total
-------------------------+-------+-------+-------+-------+-------+-------++-------
Melee: Hand axe          |   126 |   205 |       |       |       |       ||   331
       War axe           |       |    35 |   134 |       |       |       ||   169
       Broad axe         |       |       |   266 |   338 |   605 |   638 ||  1847
Invok: Convert to Beogh  |       |     1 |       |       |       |       ||     1
       Recall Orcish Fol |       |       |       |     3 |    17 |    18 ||    38
       Give Item to Name |       |       |       |     1 |     5 |     2 ||     8
       Smiting           |       |       |       |       |     3 |    16 ||    19
       Resurrection      |       |       |       |       |       |     1 ||     1
Evoke: Wand              |       |     3 |       |     2 |    10 |     4 ||    19
  Use: Scroll            |     4 |     7 |    10 |    14 |    15 |     5 ||    55
       Potion            |       |       |     1 |     1 |     1 |    11 ||    14
 Stab: Sleeping          |     1 |       |       |       |       |       ||     1
       Paralysed         |       |     8 |       |       |     7 |       ||    15
       Distracted        |       |       |       |     7 |    22 |    12 ||    41
  Eat: Chunk             |     3 |     9 |     8 |    17 |    14 |     5 ||    56
       Ration            |       |       |     3 |       |     8 |     6 ||    17
Armor: Robe              |     3 |       |       |       |       |       ||     3
       Scale mail        |    40 |    92 |   190 |   142 |   126 |       ||   590
       Ring mail         |       |       |       |       |    22 |       ||    22
       Plate armour      |       |       |       |       |   113 |   293 ||   406
Dodge: Dodged            |    85 |   148 |   180 |    96 |   194 |   164 ||   867
Block: Shield            |       |       |    77 |    95 |   489 |   480 ||  1141

Table legend:
 A = Spawn XP
 B = Non-spawn XP
 C = Spawn XP percentage of total XP
 D = Spawn monster count
 E = Non-spawn monster count
 F = Spawn count percentage of total count
 G = Total turns spent on level
                    A         B        C        D         E        F      G
               +---------+---------+-------+---------+---------+-------+---------
         Total |       0 |  272496 |   0.0 |       0 |    1088 |   0.0 | 34925
               +---------+---------+-------+---------+---------+-------+---------
           D:1 |       0 |      27 |   0.0 |       0 |      15 |   0.0 |  1283
           D:2 |       0 |      82 |   0.0 |       0 |      20 |   0.0 |   813
           D:3 |       0 |     201 |   0.0 |       0 |      20 |   0.0 |  1388
           D:4 |       0 |     472 |   0.0 |       0 |      21 |   0.0 |  1729
           D:5 |       0 |     883 |   0.0 |       0 |      22 |   0.0 |  1202
           D:6 |       0 |    1024 |   0.0 |       0 |      27 |   0.0 |  1621
           D:7 |       0 |    1176 |   0.0 |       0 |      12 |   0.0 |   816
           D:8 |       0 |    1486 |   0.0 |       0 |      27 |   0.0 |  1123
           D:9 |       0 |    2294 |   0.0 |       0 |      27 |   0.0 |  1133
          D:10 |       0 |    3961 |   0.0 |       0 |      72 |   0.0 |   904
          D:11 |       0 |    3102 |   0.0 |       0 |       8 |   0.0 |  1121
          D:12 |       0 |    2578 |   0.0 |       0 |       9 |   0.0 |  1072
          D:13 |       0 |    6882 |   0.0 |       0 |      38 |   0.0 |   910
          D:14 |       0 |    9508 |   0.0 |       0 |      32 |   0.0 |  1407
          D:15 |       0 |   12645 |   0.0 |       0 |      37 |   0.0 |   923
        Lair:1 |       0 |    4081 |   0.0 |       0 |      42 |   0.0 |   999
        Lair:2 |       0 |    2871 |   0.0 |       0 |      14 |   0.0 |  1087
        Lair:3 |       0 |    2589 |   0.0 |       0 |      19 |   0.0 |   470
        Lair:4 |       0 |    3918 |   0.0 |       0 |      27 |   0.0 |   594
        Lair:5 |       0 |    3585 |   0.0 |       0 |      14 |   0.0 |   701
        Lair:6 |       0 |   19019 |   0.0 |       0 |      98 |   0.0 |  1451
      Shoals:1 |       0 |   10316 |   0.0 |       0 |      24 |   0.0 |  1361
      Shoals:2 |       0 |    6036 |   0.0 |       0 |      17 |   0.0 |  1063
      Shoals:3 |       0 |    8345 |   0.0 |       0 |      22 |   0.0 |   560
       Snake:1 |       0 |   18110 |   0.0 |       0 |      44 |   0.0 |  1186
       Snake:2 |       0 |   12669 |   0.0 |       0 |      36 |   0.0 |  1310
       Snake:3 |       0 |   14125 |   0.0 |       0 |      43 |   0.0 |  1387
       Snake:4 |       0 |   41432 |   0.0 |       0 |      96 |   0.0 |  1942
         Orc:1 |       0 |    1007 |   0.0 |       0 |      13 |   0.0 |   349
         Orc:2 |       0 |    5111 |   0.0 |       0 |      31 |   0.0 |   692
      Vaults:1 |       0 |   69059 |   0.0 |       0 |     118 |   0.0 |  1605
       Ossuary |       0 |     198 |   0.0 |       0 |      21 |   0.0 |   340
         IceCv |       0 |    3704 |   0.0 |       0 |      22 |   0.0 |   383
               +---------+---------+-------+---------+---------+-------+---------
